 Dungeon Crawl Stone Soup version 0.16-a0-2611-g6d04fdd (webtiles) character file.

144 colonelcorduroys the Twirler (level 5, 0/30 HPs)
             Began as a Tengu Gladiator on Nov 22, 2014.
             Slain by an orc
             ... wielding a +0 short sword
              (5 damage)
             ... on level 4 of the Dungeon.
             The game lasted 00:05:38 (3033 turns).

colonelcorduroys the Twirler (Tengu Gladiator)      Turns: 3033, Time: 00:05:38

Health: 0/30       AC:  3    Str: 15    XL:     5   Next: 27%
Magic:  7/7        EV: 12    Int:  9    God:
Gold:   127        SH:  0    Dex: 15    Spells: 0 memorised, 4 levels left

rFire  . . .     SeeInvis .     a - +0 quarterstaff
rCold  . . .     Clarity  .     b - +0 leather armour
rNeg   . . .     SustAb   .     (no shield)
rPois  .         Gourm    .     c - +0 hat
rElec  .         Spirit   .     (no cloak)
rCorr  .         Warding  .     (no gloves)
rMut   .         Stasis   .     (boots unavailable)
MR     .....                    (no amulet)
Stlth  +.........               (no ring)
                                (no ring)

@: not resistant to hostile enchantments, very unstealthy
A: able to fly, beak, talons 3
a: Fly


You were on level 4 of the Dungeon.
You were not hungry.

You visited 1 branch of the dungeon, and saw 4 of its levels.

You collected 127 gold pieces.

Inventory:

Hand weapons
 a - a +0 quarterstaff (weapon)
Missiles
 d - 2 throwing nets (quivered)
 p - 4 javelins
Armour
 b - a +0 leather armour (worn)
 c - a +0 hat (worn)
Magical devices
 m - a wand of paralysis (21)
Scrolls
 e - 2 scrolls of identify
 l - 3 scrolls of teleportation
Potions
 r - a potion of brilliance
Comestibles
 f - 6 bread rations
 g - 3 chunks of flesh
 i - 3 meat rations
 j - a beef jerky
 q - a slice of pizza


   Skills:
 - Level 2.0 Fighting
 + Level 6.3 Staves
 - Level 2.1 Throwing
 - Level 3.2 Dodging


You had 4 spell levels left.
You didn't know any spells.

Dungeon Overview and Level Annotations

Branches:
Dungeon (4/15)
 Temple: D:4-7

Altars:


Innate Abilities, Weirdness & Mutations

You can fly.
You have a beak for a mouth.
You have claws for feet.


Message History

You barely miss the orc. You claw the orc.
You kill the orc!
The orc priest mumbles some strange prayers to Beogh against you.
Something smites you!
* * * LOW HITPOINT WARNING * * *
Drink which item? (? for menu, Esc to quit)
Okay, then.
Read which item? (? for menu, Esc to quit)
As you read the scroll labeled DUPUKA SAUXUO, it crumbles to dust.
You feel blessed for a moment.
It was a scroll of remove curse.
Evoke which item? (* to show all) (? for menu, Esc to quit)
Zapping:
m - a wand of paralysis {recharged} (will waste charges)
Press: ? - help, Shift-Dir - straight line, f - orc priest
Aim: an orc priest, wielding a short sword The orc priest suddenly stops moving!
Evoking this partially-identified wand wasted a few charges.
The orc barely misses you.
There is an escape hatch in the ceiling here.
The orc hits you with a short sword.
You die...

..#....# #.)o...#
#)# #.# ###.#
#####.#.#
####.....o.##
##........o..#
#.........@..#
##............#
#...........#.#
#...........#.#
##..........##.#
#........[.## ..#
#..........# #...
#.........##.....
##.......##...#


You could see 2 orcs.

Vanquished Creatures
  A worker ant (D:4)
  7 adders
  A worm (D:2)
  A giant gecko (D:3)
  2 oozes
  2 orcs
  5 bats
  5 goblins
  8 hobgoblins
  2 kobolds (D:1)
  3 quokkas
  2 ball pythons
  2 giant cockroaches (D:3)
  3 giant newts
  5 rats
49 creatures vanquished.

Vanquished Creatures (others)
  A butterfly (D:3)
1 creature vanquished.

Grand Total: 50 creatures vanquished

Notes
Turn   | Place    | Note
--------------------------------------------------------------
     0 | D:1      | colonelcorduroys, the Tengu Gladiator, began the quest for the Orb.
     0 | D:1      | Reached XP level 1. HP: 12/12 MP: 1/1
   389 | D:1      | Reached XP level 2. HP: 14/17 MP: 3/3
   433 | D:1      | Reached skill level 4 in Staves
  1041 | D:2      | Reached XP level 3. HP: 4/21 MP: 4/4
  1487 | D:2      | Reached skill level 5 in Staves
  1608 | D:2      | Reached XP level 4. HP: 22/26 MP: 5/5
  2364 | D:3      | HP: 1/26 [orc (2)]
  2828 | D:3      | Reached skill level 6 in Staves
  2858 | D:3      | Reached XP level 5. HP: 20/30 MP: 7/7
  3033 | D:4      | Slain by an orc

Action                   |  1- 3 |  4- 6 || total
-------------------------+-------+-------++-------
Melee: Quarterstaff      |    75 |    78 ||   153
Throw: Throwing net      |     3 |       ||     3
 Abil: Fly               |       |     1 ||     1
Evoke: Wand              |       |     1 ||     1
  Use: Potion            |     3 |     2 ||     5
       Scroll            |       |     8 ||     8
 Stab: Held in net/web   |     1 |       ||     1
       Sleeping          |     1 |       ||     1
  Eat: Fruit             |     2 |       ||     2
       Chunk             |       |     5 ||     5
